 Dungeon Crawl Stone Soup version 0.13-a0-1804-g486adc7 (webtiles) character file.

625 4tharraofdagon the Cudgeler (level 7, -4/63 HPs)
             Began as a Djinni Berserker on June 24, 2013.
             Was a Follower of Trog.
             Slain by a sky beast (6 damage)
             ... on Level 7 of the Dungeon.
             The game lasted 00:03:53 (946 turns).

4tharraofdagon the Cudgeler (Djinni Berserker)       Turns: 946, Time: 00:03:54

HP  -4/63        AC  6     Str 16      XL: 7   Next: 12%
MP   0/0         EV 10     Int 15      God: Trog [*.....]
Gold 53          SH  0     Dex 13      Spells:  0 memorised,  6 levels left

Res.Fire  : + + +   See Invis. : .   a - +0 mace
Res.Cold  : x . .   Warding    : .   t - +0 orc ring mail
Life Prot.: + + +   Conserve   : .   (no shield)
Res.Poison: .       Res.Corr.  : .   (no helmet)
Res.Elec. : .       Clarity    : .   (no cloak)
Sust.Abil.: . .     Spirit.Shd : .   (no gloves)
Res.Mut.  : .       Stasis     : .   (boots unavailable)
Res.Rott. : .       Flight     : .   (no amulet)
Saprovore : . . .                    (no ring)
                                     l - ring of magical power

@: exhausted, brilliant, slowed, very slow, slightly resistant to hostile
enchantments, extremely unstealthy
A: berserk 1, slow healing 1, Str -1, Dex +1
a: Burn Spellbooks, Berserk, Renounce Religion


You were on level 7 of the Dungeon.
You worshipped Trog.
Trog was most pleased with you.
You were not hungry.

You visited 1 branch of the dungeon, and saw 7 of its levels.

You collected 33 gold pieces.

Inventory:

Hand weapons
 a - a +0,+0 mace (weapon)
Armour
 b - a +0 animal skin
 c - a +0 ring mail
 t - a +0 orcish ring mail (worn)
Scrolls
 e - a scroll of identify {unknown}
 f - a scroll of random uselessness {unknown}
 h - 2 scrolls of fear {unknown}
 i - 3 scrolls of blinking {unknown}
 j - a scroll of magic mapping {unknown}
 m - a scroll of immolation {unknown}
 o - a scroll of curse jewellery {unknown}
 q - a scroll of remove curse {unknown}
 s - a scroll of curse weapon {unknown}
Jewellery
 l - a ring of magical power (left hand)
Potions
 n - a potion of poison {unknown}
 p - a potion of berserk rage {unknown}
 r - a potion of heal wounds {unknown}
Books
 u - a book of Ice

   Spells                             Type                      Level
   Freezing Aura                      Charms/Ice                   2
   Ensorcelled Hibernation            Hexes/Ice                    2
   Ozocubu's Refrigeration            Ice                          6
   Bolt of Cold                       Conjuration/Ice              6
   Freezing Cloud                     Conjuration/Ice/Air          6
   Metabolic Englaciation             Hexes/Ice                    6
   Simulacrum                         Ice/Necromancy               6
   Trog disapproves of the use of such an item.


   Skills:
 + Level 4.4 Fighting
 * Level 6.1 Maces & Flails
 + Level 4.4 Armour
 - Level 1.7 Dodging


You had 6 spell levels left.
You didn't know any spells.

Dungeon Overview and Level Annotations

Branches:
Dungeon (7/27)             Temple (0/1) D:5
    Orc: D:6-11

Altars:


Innate Abilities, Weirdness & Mutations

You are immune to all types of fire, even holy and hellish.
You are vulnerable to cold.
You need no food.
You have no legs.
You tend to lose your temper in combat.
Your muscles are flexible, but weak (Str -1, Dex +1).
You heal slowly.


Message History

You feel better. It hits you. It shocks you! It hits you.
* * * LOW HITPOINT WARNING * * *
It shocks you!
* * * LOW HITPOINT WARNING * * *
Unknown command.
Drink which item? (? for menu, Esc to quit)
You feel more clever all of a sudden.
It was a potion of brilliance.
It hits you.
* * * LOW HITPOINT WARNING * * *
It shocks you!
* * * LOW HITPOINT WARNING * * *
Unknown command.
Drink which item? (? for menu, Esc to quit)
You feel extremely strange.
You begin to heal more slowly.
Your muscles feel loose.
You feel a little pissed off.
It was a potion of mutation.
It hits you but does no damage. It hits you.
* * * LOW HITPOINT WARNING * * *
It shocks you!
You die...

.................####.......<#
............n................#
.........####.##.####........#
.........# #n##.# #........#
....).)..# #.##.# #.......§#
......{..# #.##.# ########§#
.........# #.##.# #§#
.........# #.##%# §§§§§.#
.........####.##@# #§§§§§.#
....##.##.PP..##≈####### #≈≈
§≈.# ...
...........n........... ≈≈.#
.. #.##.....##.#########..
≈≈.# #.##.....##.# #n. Pz.#
#####.##.# ### #.## #.##.#
#.##.# ....(.


You could see a necrophage.

Vanquished Creatures
  2 necrophages
  2 ogres
  A hound zombie (D:7)
  2 adders
  A giant eyeball (D:7)
  An orc (D:4)
  4 goblins
  A hobgoblin (D:5)
  2 kobolds (D:1)
  A bat (D:6)
  2 rats
  5 ballistomycetes (D:6)
24 creatures vanquished.

Vanquished Creatures (others)
  A giant spore (D:6)
  A goblin (D:2)
2 creatures vanquished.

Grand Total: 26 creatures vanquished

Notes
Turn   | Place    | Note
--------------------------------------------------------------
     0 | D:1      | 4tharraofdagon, the Djinni Berserker, began the quest for the Orb.
     0 | D:1      | Reached XP level 1. HP: 16/16 MP: 0/0
   430 | D:4      | Noticed an ogre
   472 | D:4      | Reached XP level 2. EP: 22/22
   487 | D:5      | Entered Level 5 of the Dungeon
   507 | D:5      | Noticed a necrophage
   517 | D:5      | Killed a necrophage
   517 | D:5      | Reached skill level 4 in Maces & Flails
   517 | D:5      | Reached XP level 3. EP: 29/29
   517 | D:5      | Reached XP level 4. EP: 35/35
   569 | D:5      | Found a staircase to the Ecumenical Temple.
   644 | D:6      | Noticed an ogre
   655 | D:6      | Killed an ogre
   655 | D:6      | Reached XP level 5. EP: 41/41
   807 | D:6      | Reached skill level 5 in Maces & Flails
   807 | D:6      | Reached XP level 6. EP: 49/49
   860 | D:7      | Noticed a necrophage
   900 | D:7      | Noticed a necrophage
   900 | D:7      | Noticed a necrophage
   912 | D:7      | Noticed a necrophage
   925 | D:7      | Killed a necrophage
   931 | D:7      | Reached skill level 6 in Maces & Flails
   931 | D:7      | Reached XP level 7. EP: 54/54
   945 | D:7      | HP: 3/63 [something (6)]
   946 | D:7      | Gained mutation: You heal slowly. [potion of mutation]
   946 | D:7      | Gained mutation: Your muscles are flexible, but weak (Str -1, Dex +1). [potion of mutation]
   946 | D:7      | Gained mutation: You tend to lose your temper in combat. [potion of mutation]
   946 | D:7      | Slain by a sky beast

Action                   |  1- 3 |  4- 6 |  7- 9 || total
-------------------------+-------+-------+-------++-------
Melee: Mace              |    34 |    87 |     8 ||   129
Invok: Berserk           |     1 |     2 |       ||     3
  Use: Potion            |       |       |     6 ||     6
